 Dungeon Crawl Stone Soup version 0.26-a0-812-g31a745ddcd (webtiles) character file.

Game seed: 7717147047978701522

21433 tilp the Basher (level 13, -8/92 HPs)
             Began as a Halfling Abyssal Knight on Nov 24, 2020.
             Was an Elder of Lugonu.
             Mangled by a tyrant leech (24 damage)
             ... on level 2 of the Lair of Beasts.
             The game lasted 00:39:05 (21418 turns).

tilp the Basher (Halfling Abyssal Knight)          Turns: 21418, Time: 00:39:05

Health: -8/92      AC: 16    Str: 19    XL:     13   Next: 19%
Magic:  19/19      EV: 14    Int: 14    God:    Lugonu [****..]
Gold:   881        SH:  0    Dex: 15    Spells: 12/12 levels left

rFire    + . .     SeeInvis .   a - +3 morningstar (freeze)
rCold    . . .     Faith    .   (shield restricted)
rNeg     . . .     Spirit   .   g - +0 chain mail
rPois    .         Reflect  .   p - +2 helmet
rElec    .         Harm     .   f - +0 cloak "Losan" {rF+}
rCorr    .         Rampage  .   (no gloves)
MR       .....                  u - +2 pair of boots
Stlth    ..........             x - amulet of regeneration
HPRegen  0.65/turn              e - +4 ring of evasion
MPRegen  0.16/turn              J - +6 ring of strength

@: no status effects
A: small, mutation resistance 1
a: Depart the Abyss, Bend Space, Banish, Corrupt, Renounce Religion


You were on level 2 of the Lair of Beasts.
You worshipped Lugonu.
Lugonu was greatly pleased with you.
You visited 2 branches of the dungeon, and saw 14 of its levels.
You visited the Abyss 1 time.
You also visited: Bailey.

You collected 881 gold pieces.

Inventory:

Hand Weapons
 a - a +3 morningstar of freezing (weapon)
 b - a +0 hunting sling
 y - the cursed +0 hand crossbow "Ihyaniso" {flame, Fragile rElec rC++ Stlth+, unknown}
   (You found it on level 6 of the Dungeon)

   It causes projectiles fired from it to burn those they strike, causing extra
   injury to most foes and up to half again as much damage against particularly
   susceptible opponents.
   It greatly protects you from cold.
   It insulates you from electricity.
   It will be destroyed if unequipped.
   It makes you more stealthy.
   It has a curse placed upon it.
Missiles
 c - 7 sling bullets
 h - 279 stones
 s - 33 boomerangs (quivered)
Armour
 f - the +0 cloak "Losan" (worn) {rF+}
   (You found it on level 5 of the Dungeon)

   It protects you from fire.
 g - a +0 chain mail (worn)
 p - a +2 helmet (worn)
 u - a +2 pair of boots (worn)
 Q - a +0 plate armour
Jewellery
 e - a +4 ring of evasion (left hand)
 n - an uncursed ring of ice
 o - a cursed ring of attention {unknown}
 x - an amulet of regeneration (around neck)
 F - an uncursed ring of protection from fire {unknown}
 H - an uncursed ring of poison resistance
 I - an uncursed amulet of faith {unknown}
 J - a +6 ring of strength (right hand)
Wands
 l - a wand of flame (20)
 w - a wand of random effects (16)
 B - a wand of digging (6)
 N - a wand of acid (7)
 S - a wand of enslavement (7)
Scrolls
 d - 3 scrolls of immolation
 k - 3 scrolls of teleportation
 m - a scroll of magic mapping
 C - a scroll of amnesia
 E - 2 scrolls of enchant weapon
 K - a scroll of vulnerability {unknown}
 L - a scroll of noise {unknown}
 O - a scroll of silence
 P - a scroll of fog
Potions
 i - 3 potions of brilliance
 j - 2 potions of flight
 q - a potion of curing
 r - a potion of degeneration {unknown}
 t - 2 potions of lignification
 v - 5 potions of attraction
 z - a potion of mutation {unknown}
 A - 2 potions of berserk rage
 D - a potion of magic {unknown}
 G - a potion of haste {unknown}
 M - a potion of experience {unknown}
 R - 2 potions of might


   Skills:
 - Level 10.0 Fighting
 + Level 12.8 Maces & Flails
 - Level 12.0 Slings
 - Level 2.1 Armour
 - Level 1.1 Dodging
 - Level 8.0 Invocations
 - Level 4.0 Evocations


You had 12 spell levels left.
You didn't know any spells.
Your spell library contained the following spells:

 Spells                   Type           Power        Failure   Level
 Freeze                   Ice            #...         98%         1
 Summon Small Mammal      Summ           #...         98%         1
 Call Imp                 Summ           #.......     99%         2
 Call Canine Familiar     Summ           #.......     100%        3
 Confusing Touch          Hex            #.......     100%        3
 Frozen Ramparts          Ice            #.....       100%        3
 Gell's Gravitas          Tloc           #.........   100%        3
 Ozocubu's Armour         Ice            #.......     100%        3
 Summon Guardian Golem    Hex/Summ       #.......     100%        3
 Hailstorm                Conj/Ice       #.......     100%        4
 Petrify                  Tmut/Erth      #.......     100%        4
 Summon Ice Beast         Ice/Summ       #.......     100%        4
 Summon Lightning Spire   Summ/Air       #.......     100%        4
 Bolt of Magma            Conj/Fire/Erth #.........   100%        5
 Iskenderun's Battlesphe  Conj           #.......     100%        5
 Metabolic Englaciation   Hex/Ice        #.........   100%        5
 Yara's Violent Unravell  Hex/Tmut       #.........   100%        5
 Iron Shot                Conj/Erth      #.........   100%        6
 Orb of Destruction       Conj           #.........   100%        7
 Spellforged Servitor     Conj/Summ      #.........   100%        7


Dungeon Overview and Level Annotations

Branches:
Dungeon (12/15)            Temple (0/1) D:7            Lair (2/6) D:11
 Bailey (visited)
  Swamp: Lair:2-4    Shoals: Lair:2-4     Snake: Lair:2-4    Spider: Lair:2-4
    Orc: D:9-12

Altars:
Ashenzari
Cheibriados
Fedhas
Gozag
Hepliaklqana
Nemelex Xobeh
Okawaru
Ru
Trog
Uskayaw
Xom

Shops:
D:6 *   D:7 (   D:8 =

Annotations:
D:5 2 transporters, Yendr0's ghost, amateur MiFi
D:6 2 transporters, tognito's ghost, novice MiBe
D:12 Nessos; Rupert


Innate Abilities, Weirdness & Mutations

You are small and have problems with some larger weapons.
You are somewhat resistant to further mutation.


Message History

The tyrant leech draws strength from your injuries!
You hit the tyrant leech. You freeze the tyrant leech.
The tyrant leech is severely wounded.
You sock the tyrant leech! You freeze the tyrant leech.
The tyrant leech is severely wounded.
The tyrant leech closely misses you.
You hit the tyrant leech but do no damage.
The tyrant leech is severely wounded.
The tyrant leech bites you!
* * * LOW HITPOINT WARNING * * *
The tyrant leech draws strength from your injuries!
You puncture the tyrant leech! You freeze the tyrant leech.
The tyrant leech is almost dead.
You closely miss the tyrant leech.
The tyrant leech is almost dead.
The tyrant leech barely misses you.
You hit the tyrant leech. You freeze the tyrant leech.
The tyrant leech is almost dead.
The tyrant leech bites you!!
You die...

...##
#..............##..........
....#
##..^..........##..........
...##
#............P##..........
...P#
#.............#...........
...##
#.............#...........
....#
#P.........................
...##
##............###..........
....#
#.........†..P♣...........
....# .......@♣♣♣♣♣#..........
...## ....((w♣♣ ♣..........
....# ....(.. ♣..........
...##### .....(. ♣.........
...#P#.#......(. ♣.........
...........(....♣♣ ♣........
...........>.....♣♣♣♣♣........
............(..........
...#####.............#


You could see a tyrant leech.

Vanquished Creatures
  Kirke (D:10)
  2 hydras
  2 two-headed ogres
  An ugly thing (D:10)
  2 oklob plants (D:11)
  4 cane toads
  Maggie (Lair:1)
  A komodo dragon (Lair:1)
  4 trolls
  5 polar bears (Lair:1)
  4 blink frogs
  Grum (D:10)
  2 hogs (D:11)
  10 yaks
  A basilisk (Lair:1)
  A swamp worm (Lair:2)
  5 water moccasins
  11 orc warriors
  7 black bears
  An ice beast (D:6)
  3 phantoms
  A sky beast (D:9)
  5 ogres
  10 centaurs
  3 wolves (D:10)
  7 bullfrogs
  A water moccasin zombie (D:11)
  4 scorpions
  3 killer bees (D:7)
  11 wights
  3 howler monkeys
  3 bullfrog zombies
  5 jellies
  A centaur zombie (D:10)
  6 hounds
  6 orc priests
  A bullfrog skeleton (D:10)
  A gnoll shaman (D:8)
  2 iguanas
  A centaur skeleton (D:7)
  Natasha (thrice) (D:3)
  7 orc wizards
  5 worker ants
  A killer bee zombie (D:6)
  A hound zombie (D:6)
  A hound skeleton (D:9)
  A worker ant zombie (D:9)
  8 gnolls (D:8)
  11 adders
  2 shadow imps
  3 white imps
  3 ufetubi
  A worm (D:4)
  2 dart slugs
  7 leopard geckos
  61 orcs
  2 ball pythons
  23 giant cockroaches
  5 goblins
  5 hobgoblins
  3 jackals (D:8)
  5 kobolds
  5 quokkas
  7 bats
  6 frilled lizards
  A jackal zombie (D:8)
  A leopard gecko zombie (D:7)
  A quokka skeleton (D:4)
  A quokka zombie (D:8)
  6 rats
331 creatures vanquished.

Vanquished Creatures (collateral kills)
  A gargoyle (D:12)
1 creature vanquished.

Vanquished Creatures (others)
  An orc (Bailey)
  2 fungi (Lair:2)
  10 plants
13 creatures vanquished.

Grand Total: 345 creatures vanquished

Notes
Turn   | Place    | Note
-------+----------+-------------------------------------------
     0 | Abyss:1  | tilp the Halfling Abyssal Knight began the quest for the
                  | Orb.
     0 | Abyss:1  | Reached XP level 1. HP: 15/15 MP: 2/2
    28 | Abyss:1  | Noticed an ice devil
    49 | Abyss:1  | Noticed a smoke demon
    54 | Abyss:1  | Noticed a guardian serpent
    58 | Abyss:1  | Noticed a thrashing horror
    60 | D:1      | Escaped the Abyss
   477 | D:1      | Reached XP level 2. HP: 20/20 MP: 3/3
   783 | D:1      | Reached * piety under Lugonu
  1071 | D:1      | Reached XP level 3. HP: 25/25 MP: 4/4
  2093 | D:2      | Reached skill level 1 in Slings
  2093 | D:2      | Reached XP level 4. HP: 21/31 MP: 5/5
  2699 | D:2      | Reached ** piety under Lugonu
  2873 | D:2      | Reached XP level 5. HP: 36/36 MP: 7/7
  3350 | D:3      | Found a hide-covered altar of Uskayaw.
  3589 | D:3      | Noticed Natasha
  3596 | D:3      | Killed Natasha
  3605 | D:3      | Noticed Natasha
  3616 | D:3      | Killed Natasha
  3908 | D:3      | Noticed Natasha
  3916 | D:3      | Killed Natasha
  3916 | D:3      | Reached XP level 6. HP: 33/42 MP: 8/8
  5165 | D:4      | Reached XP level 7. HP: 36/47 MP: 9/9
  5336 | D:4      | You fall into a shaft and drop 2 floors!
  5336 | D:6      | Found a sacrificial altar of Ru.
  5380 | D:6      | Reached skill level 5 in Slings
  5654 | D:6      | Got a shimmering hand crossbow
  5741 | D:5      | Entered Level 5 of the Dungeon
  5759 | D:5      | Noticed Yendr0's ghost (amateur MiFi)
  5762 | D:5      | Reached *** piety under Lugonu
  6045 | D:5      | Found a transporter.
  6505 | D:5      | Reached XP level 8. HP: 8/54 MP: 9/11
  6507 | D:5      | HP: 2/54 [shadow imp (1)]
  6804 | D:5      | Got a heavily runed cloak
  6810 | D:5      | Identified the +0 cloak "Losan" {rF+} (You found it on
                  | level 5 of the Dungeon)
  6843 | D:5      | Reached skill level 5 in Maces & Flails
  7050 | D:5      | Found a transporter.
  7182 | D:5      | Found a hazy altar of Hepliaklqana.
  7295 | D:6      | Found a blossoming altar of Fedhas.
  8374 | D:6      | Noticed a harpy
  8375 | D:6      | Noticed a fire crab
  8375 | D:6      | a harpy changed into a fire crab
  8375 | D:6      | Noticed tognito's ghost (novice MiBe)
  8390 | D:6      | Noticed a queen bee
  8390 | D:6      | a fire crab changed into a queen bee
  8391 | D:6      | Found a transporter.
  8417 | D:6      | Found a broken altar of Ashenzari.
  8506 | D:6      | Found Gante's Serpentskin Sales.
  8528 | D:6      | Reached XP level 9. HP: 24/60 MP: 12/12
  8650 | D:6      | Reached skill level 5 in Fighting
  9100 | D:6      | Noticed a deep troll
  9112 | D:6      | Noticed a cyclops
  9112 | D:6      | a deep troll changed into a cyclops
  9130 | D:6      | Noticed a swamp dragon
  9130 | D:6      | a cyclops changed into a swamp dragon
  9132 | D:6      | Noticed a torpor snail
  9132 | D:6      | a swamp dragon changed into a torpor snail
  9170 | D:6      | Noticed a water nymph
  9622 | D:6      | Found a transporter.
  9634 | D:6      | Noticed a minotaur
  9721 | D:6      | Noticed an azure jelly
  9865 | D:7      | Found Runeirae's Antique Weapon Emporium.
  9922 | D:7      | HP: 2/61 [poisoned by a killer bee]
 10390 | D:7      | Found a staircase to the Ecumenical Temple.
 11576 | D:8      | Reached XP level 10. HP: 68/68 MP: 13/13
 11658 | D:8      | Reached **** piety under Lugonu
 11664 | D:8      | You fall into a shaft and drop 3 floors!
 11672 | D:11     | Noticed an oklob plant
 11690 | D:11     | Noticed a boulder beetle
 11697 | D:11     | Banished a boulder beetle
 11704 | D:11     | Found a flagged portal.
 11713 | Bailey   | Entered a bailey
 12200 | Bailey   | Reached skill level 1 in Evocations
 13388 | D:10     | Entered Level 10 of the Dungeon
 13388 | D:10     | Found a snail-covered altar of Cheibriados.
 13450 | D:10     | Reached skill level 10 in Maces & Flails
 13450 | D:10     | Reached XP level 11. HP: 65/72 MP: 14/14
 13798 | D:10     | Got a scorched leather armour
 13845 | D:10     | Noticed Grum
 13874 | D:10     | Killed Grum
 14073 | D:10     | Noticed a two-headed ogre
 14083 | D:10     | Banished a two-headed ogre
 14083 | D:10     | Reached skill level 5 in Invocations
 14226 | D:9      | Noticed a purple ugly thing
 14287 | D:10     | Noticed a two-headed ogre
 14313 | D:10     | Banished a two-headed ogre
 14403 | D:10     | Killed a purple ugly thing
 14969 | D:8      | Found Ybliatae's Jewellery Shop.
 15493 | D:8      | Found a glowing golden altar of the Shining One.
 15493 | D:8      | Found a sparkling altar of Nemelex Xobeh.
 15493 | D:8      | Found a radiant altar of Vehumet.
 15493 | D:8      | Found a hazy altar of Hepliaklqana.
 15493 | D:8      | Found an opulent altar of Gozag.
 15493 | D:8      | Found a shimmering altar of Xom.
 16852 | D:9      | Found a bloodstained altar of Trog.
 17020 | D:9      | Found an iron altar of Okawaru.
 17879 | D:11     | Banished an unseen horror
 17930 | D:11     | Found a staircase to the Lair.
 18043 | D:11     | Noticed a two-headed ogre
 18052 | D:11     | Killed a two-headed ogre
 18052 | D:11     | Reached XP level 12. HP: 72/82 MP: 17/17
 18206 | D:11     | Identified the +1 leather armour of Defiance {Harm +Blink
                  | rC- Int+6} (You found it on level 10 of the Dungeon)
 18261 | D:12     | Noticed Kirke
 18279 | D:12     | Noticed Nessos
 18279 | D:12     | Noticed a two-headed ogre
 18300 | D:12     | Killed a two-headed ogre
 18397 | D:12     | Noticed a two-headed ogre
 18560 | D:12     | Noticed Rupert
 18614 | D:12     | Paralysed by Rupert for 3 turns
 18972 | D:11     | HP: 1/82 [Kirke (12)]
 19129 | D:10     | Killed Kirke
 19263 | Lair:1   | Entered Level 1 of the Lair of Beasts
 19684 | Lair:1   | Noticed a six-headed hydra
 19693 | Lair:1   | Killed a six-headed hydra
 20205 | Lair:1   | Noticed Maggie
 20212 | Lair:1   | Killed Maggie
 20258 | Lair:1   | Reached XP level 13. HP: 77/90 MP: 19/19
 20940 | Lair:2   | Noticed a seven-headed hydra
 20952 | Lair:2   | Killed a seven-headed hydra
 21245 | Lair:2   | Reached skill level 10 in Fighting
 21418 | Lair:2   | Mangled by a tyrant leech

Illustrated notes

Levels and vault maps discovered:
D:1:      lightli_arrival_boilingwater, layout_basic, minmay_tiny_reverse_x
D:2:      minmay_roachtagon, layout_basic
D:3:      layout_basic, overflow_temple_1_default, uniq_natasha
D:4:      layout_basic, st_stairs_5
D:5:      layout_rooms, kennysheep_little_box, gammafunk_ghost_mausoleum
D:6:      layout_loops_corners, evilmike_ruin_ashenzari, old_standard_altar,
          nicolae_ru_awakened_eye, gammafunk_ghost_arena, minivault_23,
          guppyfry_shop_venom
D:7:      layout_basic, serial_shops, shop
D:8:      layout_loops_ring, serial_shops, shop, doesnt_xom_only_xom
D:9:      layout_cave_pools, okawaru_metal_pillars_1_2, kennysheep_mini_moat
D:10:     layout_irregular_city, cheibriados_altar_1, uniq_grum
D:11:     layout_roguey, dpeg_oklobed_lair, enter_bailey_6, minivault_11
D:12:     layout_cave_pods, david_orc_4, uniq_kirke, uniq_rupert, uniq_nessos
Lair:1:   beast_lair_carwin_large_3, layout_regular_city, grunt_megastairs_2,
          uniq_maggie
Lair:2:   layout_long_grid, minmay_swamp_entry_worms, grunt_megastairs_3

Skill      XL: |  1  2  3  4  5  6  7  8  9 10 11 12 13 |
---------------+----------------------------------------+-----
Maces & Flails | 2 3 4 6 8 10 11 12 | 12.8
Fighting       | 3 4 6 7 9 10 | 10.0
Slings         | 1 2 3 4 6 8 9 12 | 12.0
Invocations    | 3 4 7 8 |  8.0
Evocations     | 2 4 |  4.0
Armour         | |  2.1
Dodging        | |  1.1

Action                   |  1- 3 |  4- 6 |  7- 9 | 10-12 | 13-15 || total
-------------------------+-------+-------+-------+-------+-------++-------
Melee: Mace              |    94 |    13 |       |       |       ||   107
       Morningstar       |       |   120 |   271 |   619 |    82 ||  1092
       Hunting sling     |       |       |       |     1 |       ||     1
       Unarmed           |       |       |       |    15 |       ||    15
 Fire: Hunting sling     |    19 |   117 |   233 |   203 |    15 ||   587
Throw: Stone             |       |       |       |     3 |       ||     3
       Boomerang         |       |       |       |     3 |       ||     3
Invok: Depart the Abyss  |     1 |       |       |       |       ||     1
       Bend Space        |       |       |     1 |     1 |       ||     2
       Banish            |       |       |       |     8 |       ||     8
Evoke: Wand              |       |       |     3 |     7 |       ||    10
  Use: Scroll            |       |     1 |     6 |    17 |     3 ||    27
       Potion            |       |       |     5 |     6 |       ||    11
 Stab: Sleeping          |     2 |       |       |       |       ||     2
       Paralysed         |       |       |     3 |       |       ||     3
Armor: Leather armour    |    28 |    24 |       |       |       ||    52
       Scale mail        |       |    21 |    98 |       |       ||   119
       Chain mail        |       |       |    61 |   275 |    26 ||   362
       Skin              |       |       |       |     2 |       ||     2
Dodge: Dodged            |    86 |   135 |   212 |   556 |    41 ||  1030

Table legend: (Time is in decaauts)
 A = Elapsed time spent in this place.
 B = Non-inter-level travel time spent in this place.
 C = Inter-level travel time spent in this place.
 D = Time resting spent in this place.
 E = Time spent auto-exploring this place.
 F = Levels seen in this place.
 G = Mean time per level.
                   A        B        C        D        E       F      G
               +--------+--------+--------+--------+--------+-----+--------+
         Total |  21355 |  20771 |    584 |   7554 |   8675 |  16 | 1334.7 |
       Dungeon |  17660 |  17135 |    525 |   6219 |   7550 |  12 | 1471.7 |
          Lair |   2045 |   1986 |     59 |    806 |    828 |   2 | 1022.5 |
         Abyss |     60 |     60 |      0 |      0 |      0 |   1 |   60.0 |
        Bailey |   1589 |   1589 |      0 |    528 |    295 |   1 | 1589.0 |
               +--------+--------+--------+--------+--------+-----+--------+

Top non-repeatable levels by time:
     D:6: 2748 daAuts
     D:8: 2098 daAuts
    D:10: 1821 daAuts
     D:2: 1814 daAuts
  Bailey: 1589 daAuts
  Lair:1: 1552 daAuts
     D:7: 1515 daAuts
     D:1: 1502 daAuts
     D:5: 1383 daAuts
     D:4: 1364 daAuts
    D:11: 1108 daAuts
     D:3: 1055 daAuts
     D:9: 749 daAuts
    D:12: 501 daAuts
  Lair:2: 493 daAuts
